 Dungeon Crawl Stone Soup version 0.26.0-8-g74fc34ddfb (webtiles) character file.

Game seed: 9210362234338042727

47 Delarado the Ruffian (level 3, -1/26 HPs)
             Began as an Octopode Fighter on Jan 12, 2021.
             Slain by an orc (3 damage)
             ... on level 1 of the Dungeon.
             The game lasted 00:01:36 (1392 turns).

Delarado the Ruffian (Octopode Fighter)             Turns: 1392, Time: 00:01:36

Health: -1/26      AC:  1    Str: 15    XL:     3   Next: 70%
Magic:  3/3        EV: 11    Int: 10    God:
Gold:   50         SH:  8    Dex: 12    Spells: 2/2 levels left

rFire    . . .     SeeInvis .     - Unarmed
rCold    . . .     Faith    .   a - +0 kite shield
rNeg     . . .     Spirit   .   (helmet restricted)
rPois    .         Reflect  .   (no amulet)
rElec    .         Harm     .   (no ring)
rCorr    .         Rampage  .   (no ring)
Will     .....                  (no ring)
Stlth    ++........             (no ring)
HPRegen  0.08/turn              (no ring)
MPRegen  0.08/turn              (no ring)
                                (no ring)
                                (no ring)

@: no status effects
A: almost no armour, stealthy swim, amphibious, 8 rings, constrict 8, camouflage
1, gelatinous body 1
a: no special abilities


You were on level 1 of the Dungeon.
You visited 1 branch of the dungeon, and saw 2 of its levels.

You collected 50 gold pieces.

Inventory:

Missiles
 f - 51 stones (quivered)
Armour
 a - a +0 kite shield (worn)
Scrolls
 c - 3 scrolls of remove curse {unknown}
 d - a scroll of enchant weapon {unknown}
 g - 2 scrolls of immolation {unknown}
 h - 3 scrolls of identify {unknown}
 i - a scroll of enchant armour {unknown}
Potions
 b - a potion of might
 e - a potion of ambrosia {unknown}


   Skills:
 - Level 3.0 Fighting
 - Level 3.0 Dodging
 - Level 3.0 Shields
 + Level 3.9 Unarmed Combat


You had 2 spell levels left.
You didn't know any spells.
Your spell library was empty.

Dungeon Overview and Level Annotations

Branches:
Dungeon (2/15)

Altars:


Innate Abilities, Weirdness & Mutations

You cannot wear most types of armour.
You are very stealthy in the water. (Stealth+)
You are amphibious.
You can wear up to eight rings at the same time.
You can use your tentacles to constrict eight enemies at once.
Your skin changes colour to match your surroundings (Stealth+).
Your rubbery body absorbs attacks. (AC +1, EV +1)


Message History

You are too injured to fight recklessly!
The orc closely misses you. x2
The orc hits you with a +0 club.
* * * LOW HITPOINT WARNING * * *
You tentacle-slap the orc. Your grab misses the orc.
The orc is heavily wounded.
You block the orc's attack.
You tentacle-slap the orc.
You kill the orc!
The orc hits you.
* * * LOW HITPOINT WARNING * * *
The orc barely misses you.
Things that are here:
a +0 club; a +0 ring mail; an orc corpse You are too injured to fight recklessly!
You are too injured to fight recklessly!
You closely miss the orc. You grab the orc. You squeeze the orc.
The orc is heavily wounded.
You constrict the orc. The orc hits you.
You die...

#.............................
#.............................
#..>.....##.........>........#
#........##........<).......)#
#.............................
#.............................
######......##............##..
#......##............##..
#.......@.....##.........
####....o.....##.........
#.....................
#.....................
##############...#....
#.#.#.### #.#...# #.#####
#.#...#


You could see an orc.

Vanquished Creatures
  An adder (D:2)
  2 dart slugs (D:1)
  2 orcs (D:1)
  A giant cockroach (D:1)
  6 goblins (D:1)
  4 hobgoblins
  2 kobolds (D:1)
  A ball python (D:1)
  8 bats
  2 frilled lizards (D:1)
  3 rats (D:1)
32 creatures vanquished.

Notes
Turn   | Place    | Note
-------+----------+-------------------------------------------
     0 | D:1      | Delarado the Octopode Fighter began the quest for the Orb.
     0 | D:1      | Reached XP level 1. HP: 16/16 MP: 1/1
   136 | D:1      | Reached XP level 2. HP: 12/21 MP: 2/2
   504 | D:1      | Reached XP level 3. HP: 23/26 MP: 3/3
  1392 | D:1      | Slain by an orc

Illustrated notes

Levels and vault maps discovered:
D:1:      dpeg_arrival_stonehenge_8_columns, layout_basic
D:2:      layout_loops_ring, makhleb_blood_cavern_becter, uniq_robin

Skill      XL: |  1  2 |
---------------+-------+-----
Unarmed Combat | 3 |  3.9
Fighting       | |  3.0
Dodging        | |  3.0
Shields        | |  3.0

Action                   || total
-------------------------++-------
Melee: Unarmed           ||    69
       Constrict         ||    18
       Tentacles         ||    11
 Stab: Sleeping          ||     5
Armor: Skin              ||     2
Dodge: Dodged            ||    22
Block: Kite shield       ||    24
